 Dungeon Crawl Stone Soup version 0.31.0 (webtiles) character file.

Game seed: 3724361988414007692

26 gelatine the Apothecary (level 2, -7/19 HPs)
             Began as a Demonspawn Alchemist on Jan 20, 2024.
             Mangled by Sigmund
             ... wielding a +0 scythe
              (10 damage)
             ... on level 2 of the Dungeon.
             The game lasted 00:02:11 (1546 turns).

gelatine the Apothecary (Demonspawn Alchemist)      Turns: 1546, Time: 00:02:12

Health: -7/19      AC:  2    Str:  8    XL:     2   Next: 89%
Magic:  4/5        EV: 12    Int: 15    God:
Gold:   79         SH:  0    Dex: 13    Spells: 4/5 levels left

rFire   . . .        (no weapon)
rCold   . . .        (no shield)
rNeg    . . .        a - +0 robe
rPois   .            (helmet restricted)
rElec   .            (no cloak)
rCorr   .            (no gloves)
SInv    .            (no boots)
Will    .....        (no amulet)
Stlth   ++           (no ring)
HPRegen 0.23/turn    (no ring)
MPRegen 0.09/turn

%: no passive effects
@: no status effects
A: horns 1
a: no special abilities


You were on level 2 of the Dungeon.
You visited 1 branch of the dungeon, and saw 2 of its levels.

You collected 79 gold pieces.

Inventory:

Hand Weapons
 d - a +0 sling of draining
Armour
 a - a +0 robe (worn)
Jewellery
 g - a ring of fire
Scrolls
 c - 2 scrolls of poison {unknown}
 e - a scroll of teleportation {unknown}
 f - a scroll of fog {unknown}
Potions
 b - a potion of magic


   Skills:
 + Level 1.9 Dodging
 + Level 2.0 Stealth
 + Level 2.1 Spellcasting
 + Level 1.0 Conjurations
 + Level 3.7 Alchemy


You had 4 spell levels left.
You knew the following spells:

 Your Spells              Type           Power      Damage    Failure   Level
a - Sting                 Conj/Alch      32%        1d5       9%          1

Your spell library contained the following spells:

 Spells                   Type           Power      Damage    Failure   Level
 Mercury Vapours          Alch/Air       14%        N/A       16%         2
 Mephitic Cloud           Conj/Alch/Air  6%         N/A       32%         3
 Olgreb's Toxic Radiance  Alch           13%        N/A       41%         4
 Sticky Flame             Fire/Alch      7%         2d4       69%         4


Dungeon Overview and Level Annotations

Branches:
Dungeon (2/15)

Altars:

Annotations:
D:2 Sigmund


Innate Abilities, Weirdness & Mutations

You have a pair of small horns on your head.


Message History

The sting hits the hobgoblin.
The hobgoblin is poisoned.
The hobgoblin is severely wounded.
You miscast Sting.
You are very lightly contaminated with residual magic.
Nothing appears to happen.
The hobgoblin barely misses you.
The sting hits the hobgoblin.
The hobgoblin looks even sicker.
You kill the hobgoblin!
Your Stealth skill increases to level 2!
Your magical contamination has completely faded away.
Sigmund the Dreaded comes into view.
He is wielding a +0 scythe.
Sigmund shouts!
There is an open door here.
There is an open door here.
You see here 4 boomerangs.
There is a stone staircase leading up here.
Okay, then.
You can't see any susceptible monsters within range! (Use Z to cast anyway.)
The sting misses Sigmund.
The sting hits Sigmund.
Sigmund is poisoned.
Sigmund is lightly wounded.
Sigmund casts a spell at you.
You are confused.
You bump into the rock wall.
Sigmund mumbles some strange words.
Sigmund flickers and vanishes!
Deactivating autopickup; reactivate with Ctrl-A.
A magic dart appears from out of thin air!
The magic dart hits you.
You feel less confused. Something barely misses you.
You hear some strange, mumbled words.
You are confused.
Something hits you.
You're too confused to move!
Something hits you!
You're too confused to move!
Something hits you.
* * * LOW HITPOINT WARNING * * *
You feel less confused. Something hits you!
Ouch! That really hurt!
You die...

#.......'..######...
#.......##.#....+... #+#
#.......##...####...
#..#
#.....####...####...
#..##.....####.#...##...
#..###........#....(...
#.. #........###...###
####.##........# ###..<#
#.....#@.......######...
#........{..............
#.._..#################.
#.....# #. #.....## ##.
##.....# #.. #####.##
#.. #####..##### #.(
#..........# ####..


There were no monsters in sight!

Vanquished Creatures
  3 dart slugs
  2 bats (D:1)
  An endoplasm (D:1)
  A giant cockroach (D:1)
  2 goblins (D:1)
  3 hobgoblins
  2 ball pythons (D:1)
  3 frilled lizards (D:1)
  A kobold (D:1)
  A rat (D:1)
19 creatures vanquished.

Notes
Turn   | Place    | Note
-------+----------+-------------------------------------------
     0 | D:1      | gelatine the Demonspawn Alchemist began the quest for the
                  | Orb.
     0 | D:1      | Reached XP level 1. HP: 13/13 MP: 3/3
   158 | D:1      | Gained mutation: You have a pair of small horns on your
                  | head. [demonic ancestry]
   158 | D:1      | Reached XP level 2. HP: 19/19 MP: 0/5
  1501 | D:2      | Noticed Sigmund
  1546 | D:2      | Mangled by Sigmund

Illustrated notes

Levels and vault maps discovered:
D:1:      denvon_arrival_planthouse, layout_loops_corners
D:2:      kb_forest_paths, layout_basic, basic_ecumenical_altar, basic_altar,
          uniq_sigmund

Skill      XL: |  1  2 |
---------------+-------+-----
Stealth        | 2 |  2.0
Dodging        | |  1.9
Spellcasting   | |  2.1
Conjurations   | |  1.0
Alchemy        | |  3.7

Action                     || total
---------------------------++-------
  Melee: Unarmed           ||     7
         Headbutt          ||     3
   Cast: Sting             ||    36
 Armour: Robe              ||     7
  Dodge: Dodged            ||    12
